 Dungeon Crawl Stone Soup version 0.31-a0-1204-ge2c1a860ed (webtiles) character file.

Game seed: 8779150611276619652

17 Iich the Trooper (level 2, 0/24 HPs)
             Began as a Demonspawn Fighter on Dec 12, 2023.
             Slain by a gnoll
             ... wielding a +0 flail
              (9 damage)
             ... on level 1 of the Dungeon.
             The game lasted 00:01:28 (437 turns).

Iich the Trooper (Demonspawn Fighter)                Turns: 437, Time: 00:01:29

Health: 0/24       AC:  8    Str: 16    XL:     2   Next: 44%
Magic:  2/2        EV:  6    Int:  8    God:
Gold:   21         SH:  4    Dex: 12    Spells: 1/1 levels left

rFire   . . .        a - +0 war axe
rCold   . . .        c - +0 buckler
rNeg    . . .        b - +0 scale mail
rPois   .            (no helmet)
rElec   .            (no cloak)
rCorr   .            (no gloves)
SInv    .            (no boots)
Will    .....        (no amulet) Stlth
                     (no ring)
HPRegen 0.24/turn    (no ring)
MPRegen 0.08/turn

%: no passive effects
@: constricted
A: slimy green scales 1
a: no special abilities


You were on level 1 of the Dungeon.
You visited 1 branch of the dungeon, and saw 1 of its levels.

You collected 21 gold pieces.

Inventory:

Hand Weapons
 a - a +0 war axe (weapon)
Armour
 b - a +0 scale mail (worn)
 c - a +0 buckler (worn)
Jewellery
 g - an amulet of faith
Scrolls
 f - a scroll of amnesia {unknown}
 h - a scroll of immolation {unknown}
Potions
 d - a potion of might
 e - a potion of curing {unknown}


   Skills:
 + Level 3.2 Fighting
 * Level 2.3 Axes
 - Level 2.6 Armour
 + Level 0.7 Dodging
 - Level 2.6 Shields


You had one spell level left.
You didn't know any spells.
Your spell library was empty.

Dungeon Overview and Level Annotations

Branches:
Dungeon (1/15)

Altars:


Innate Abilities, Weirdness & Mutations

You are partially covered in slimy green scales. (AC +2)


Message History

The quokka closely misses you.
The quokka bites you but does no damage.
You slash the quokka!
You kill the quokka!
You hit the gnoll. The gnoll barely misses you.
A ball python comes into view.
The ball python hisses angrily.
You hit the gnoll but do no damage.
The gnoll is moderately wounded.
You block the gnoll's attack. The gnoll misses you.
You hit the gnoll.
The gnoll is severely wounded.
The gnoll hits you with a +0 flail.
You take 5 damage, and have 19/24 hp. !!!!--MASSIVE DAMAGE--!!!!
You completely miss the gnoll.
The gnoll is severely wounded.
The gnoll hits you but does no damage.
You closely miss the gnoll.
The gnoll is severely wounded.
The gnoll closely misses you. The gnoll hits you with a +0 flail!
* * * LOW HITPOINT WARNING * * *
You take 9 damage, and have 11/24 hp. !!!!--MASSIVE DAMAGE--!!!!
You are too injured to fight recklessly!
You are too injured to fight recklessly!
You are too injured to fight recklessly!
Unknown command.
You hit the gnoll.
The gnoll is almost dead.
You barely miss the ball python. The ball python bites you.
* * * LOW HITPOINT WARNING * * *
The ball python completely misses you. The gnoll closely misses you.
The ball python barely misses you. The ball python grabs you.
The ball python constricts you.
You take 3 damage, and have 8/24 hp.
You barely miss the gnoll.
The gnoll is almost dead.
You barely miss the ball python.
The ball python bites you but does no damage.
The ball python constricts you. The gnoll hits you with a +0 flail!
You die...

####...#.#G#...#G#..
...#.###...###†#
#...#............
#...##.........#. ##
#...######...#.#.
...#####...####.........
.#...............#....##
......g...............#
......S@.........#....##
.#.#####...####.###.#...
#...# #.......## #...#
##.......# #######...#
#.##.##.#
#.........#####.##.##..
#.####.......##.##.....
#....#.#####.##.#####.#
#......#####.##.#####.#


You could see a gnoll and a ball python.

Vanquished Creatures
  A ball python (D:1)
  A giant cockroach (D:1)
  3 goblins (D:1)
  2 hobgoblins (D:1)
  3 quokkas (D:1)
  2 bats (D:1)
  A frilled lizard (D:1)
  A rat (D:1)
14 creatures vanquished.

Notes
Turn   | Place    | Note
-------+----------+-------------------------------------------
     0 | D:1      | Iich the Demonspawn Fighter began the quest for the Orb.
     0 | D:1      | Reached XP level 1. HP: 18/18 MP: 1/1
    45 | D:1      | Noticed an eye of devastation
    49 | D:1      | Noticed a glass eye
   145 | D:1      | Noticed a glass eye
   149 | D:1      | Found a faded altar of an unknown god.
   289 | D:1      | Gained mutation: You are partially covered in slimy green
                  | scales. (AC +2) [demonic ancestry]
   289 | D:1      | Reached XP level 2. HP: 24/24 MP: 2/2
   437 | D:1      | Slain by a gnoll

Illustrated notes

Levels and vault maps discovered:
D:1:      wheals_arrival_shading, layout_loops_cross,
          hellmonk_ecumenical_altar_watching_god, minmay_misc_feat_rows,
          corexii_corridor_pit

Skill      XL: |  1 |
---------------+----+-----
Axes           | 2 |  2.3
Fighting       | |  3.2
Armour         | |  2.6
Dodging        | |  0.7
Shields        | |  2.6

Action                     || total
---------------------------++-------
  Melee: War axe           ||    52
    Use: Potion            ||     1
 Armour: Scale mail        ||    56
  Dodge: Dodged            ||    39
  Block: Buckler           ||    10

Table legend: (Time is in decaauts)
 A = Elapsed time spent in this place.
 B = Non-inter-level travel time spent in this place.
 C = Inter-level travel time spent in this place.
 D = Time resting spent in this place.
 E = Time spent auto-exploring this place.
 F = Levels seen in this place.
 G = Mean time per level.
                   A        B        C        D        E       F      G
               +--------+--------+--------+--------+--------+-----+--------+
         Total |    459 |    453 |      6 |      0 |    311 |   1 |  459.0 |
       Dungeon |    459 |    453 |      6 |      0 |    311 |   1 |  459.0 |
               +--------+--------+--------+--------+--------+-----+--------+

Top non-repeatable levels by time:
     D:1: 459 daAuts
